 Dungeon Crawl Stone Soup version 0.22-a0-603-gfc1114d (webtiles) character file.

49 VincentAMV the Covered (level 3, 0/33 HPs)
             Began as a Minotaur Fighter on July 7, 2018.
             Slain by a gnoll
             ... wielding a +0 flail
              (11 damage)
             ... on level 2 of the Dungeon.
             The game lasted 00:02:27 (579 turns).

VincentAMV the Covered (Minotaur Fighter)            Turns: 579, Time: 00:02:28

Health: 0/33       AC:  7    Str: 21    XL:     3   Next: 53%
Magic:  2/2        EV:  7    Int:  5    God:
Gold:   57         SH:  9    Dex:  9    Spells: 2/2 levels left

rFire    . . .     SeeInvis .   k - -1 short sword (curse)
rCold    . . .     Gourm    .   c - +0 shield
rNeg     . . .     Faith    .   b - +0 scale mail
rPois    .         Spirit   .   (helmet restricted)
rElec    .         Reflect  .   (no cloak)
rCorr    .         Harm     .   (no gloves)
MR       .....                  (no boots)
Stlth    ..........             (no amulet)
HPRegen  0.11/turn              i - ring of wizardry
MPRegen  0.08/turn              (no ring)

@: no status effects
A: retaliatory headbutt, horns 2
a: no special abilities


You were on level 2 of the Dungeon.
You were not hungry.

You visited 1 branch of the dungeon, and saw 2 of its levels.

You collected 57 gold pieces.

Inventory:

Hand Weapons
 a - a +0 flail
 k - a cursed -1 short sword (weapon)
Armour
 b - a +0 scale mail (worn)
 c - a +0 shield (worn)
Jewellery
 i - a ring of wizardry (left hand)
Scrolls
 j - a scroll of enchant weapon
Potions
 d - 2 potions of might
 e - a potion of haste {unknown}
 h - a potion of brilliance {unknown}
Comestibles
 f - 3 rations
 g - 5 chunks of flesh


   Skills:
 + Level 4.1 Fighting
 * Level 2.8 Maces & Flails
 + Level 4.4 Armour
 + Level 0.2 Dodging
 + Level 4.2 Shields


You had 2 spell levels left.
You didn't know any spells.
Your spell library was empty.

Dungeon Overview and Level Annotations

Branches:
Dungeon (1/15)

Altars:
Wu Jian


Innate Abilities, Weirdness & Mutations

You reflexively headbutt those who attack you in melee.
You have a pair of horns on your head.


Message History

The jackal bites you but does no damage. x2
You hit the jackal.
The jackal is almost dead.
The jackal barely misses you.
You barely miss the jackal.
The jackal is almost dead.
The jackal barely misses you. You block the jackal's attack.
You hit the jackal.
You kill the jackal!
You hit the gnoll. You headbutt the gnoll.
The gnoll is heavily wounded.
The gnoll hits you but does no damage.
Your shield and scale mail prevent you from hitting the gnoll.
You headbutt the gnoll.
The gnoll is almost dead.
The gnoll hits you with a flail.
You completely miss the gnoll.
The gnoll is almost dead.
The gnoll hits you with a flail!
You die...

#...........
..........
#..$.....
.....g. #####
..... #...#
... #)#.#
####.# ##.#.#
#....#######.#
#....#
#.#(.(g@(....#
#..#.#
#.##########
#.##.## #.#
###...## #.#
##.....###.#
#.......##.#
#....._......#
..#.......####
#.##.....##


You could see a gnoll.

Vanquished Creatures
  2 gnolls (D:2)
  3 dart slugs (D:1)
  A leopard gecko (D:1)
  A goblin (D:1)
  4 hobgoblins
  3 jackals (D:2)
  A ball python (D:1)
  7 frilled lizards
  2 kobolds (D:1)
  2 rats (D:1)
26 creatures vanquished.

Notes
Turn   | Place    | Note
-------+----------+-------------------------------------------
     0 | D:1      | VincentAMV the Minotaur Fighter began the quest for the Orb.
     0 | D:1      | Reached XP level 1. HP: 19/19 MP: 0/0
    84 | D:1      | Reached XP level 2. HP: 27/27 MP: 1/1
   503 | D:1      | You fall through a shaft!
   517 | D:2      | Found an ornate altar of the Wu Jian Council.
   561 | D:2      | Reached XP level 3. HP: 17/33 MP: 2/2
   579 | D:2      | Slain by a gnoll

Vault maps used:
D:1:      co_arrival_two_rings, minmay_lizard_pond
D:2:      lemuel_round_altar, first_ration, uniq_natasha

Skill      XL: |  1  2 |
---------------+-------+-----
Armour         | 4 |  4.4
Shields        | 4 |  4.2
Fighting       | 4 |  4.1
Maces & Flails | |  2.8
Dodging        | |  0.2

Action                   || total
-------------------------++-------
Melee: Flail             ||    21
       Headbutt          ||    15
       Short sword       ||    64
  Use: Scroll            ||     2
Armor: Scale mail        ||    45
Dodge: Dodged            ||    25
Block: Shield            ||    49

Table legend:
 A = Spawn XP
 B = Non-spawn XP
 C = Spawn XP percentage of total XP
 D = Spawn monster count
 E = Non-spawn monster count
 F = Spawn count percentage of total count
 G = Total turns spent on level
                    A         B        C        D         E        F      G
               +---------+---------+-------+---------+---------+-------+---------
         Total |       0 |      71 |   0.0 |       0 |      26 |   0.0 |   579
               +---------+---------+-------+---------+---------+-------+---------
           D:1 |       0 |      33 |   0.0 |       0 |      18 |   0.0 |   503
           D:2 |       0 |      38 |   0.0 |       0 |       8 |   0.0 |    76
               +---------+---------+-------+---------+---------+-------+---------
